AoeStats
← ObiGOD

Arabia

506759420Analyzed
3v3 RM · 17d ago on Sep 15, 2026· 26m 50s· 6 players
Game mode
Random Map
Map size
Normal (6 player)
Population
200
Speed
Normal
Resources
Standard
Victory
Conquest
Starting age
Dark Age
Ending age
Imperial Age
RankedLock teamsTeams togetherTeam positionsShared explorationLock speedFull tech treeHidden civsTurbo modeCheats
Victory
Defeat
🇲🇽 Persians · Mexico
1406
+8
🇲🇽 Maya · Mexico
1289
+12
🇺🇸 Ethiopians · United States
1132
+17
🇦🇷 Britons · Argentina
1194
-13
🇦🇷 Magyars · Argentina
1193
-12
🇦🇷 Inca · Argentina
1184
-12
Luzbelito95
7:23 Loom
9:45 Feudal Age
11:28 Double-Bit Axe
16:10 Fletching
19:33 Horse Collar
24:44 Castle Age
ObiGOD
3:36 Loom
10:19 Feudal Age
12:25 Double-Bit Axe
15:31 Champi Runner
23:32 Castle Age
22:10 Scale Mail Armor
23:06 Forging
23:40 Champi Warrior
25:02 Squires
25:19 Fletching
27:28 Chain Mail Armor
gaus
4:25 Loom
9:36 Feudal Age
10:38 Double-Bit Axe
13:12 Horse Collar
18:54 Castle Age
17:31 Gold Mining
19:14 Bloodlines
19:45 Husbandry
20:03 Scale Barding Armor
23:45 Chain Barding Armor
24:32 Town Watch
El cochi
7:17 Loom
9:03 Feudal Age
9:30 Double-Bit Axe
9:37 Loom
10:32 Horse Collar
21:16 Castle Age
19:47 Gold Mining
20:07 Scale Barding Armor
21:45 Forging
22:10 Chain Barding Armor
22:17 Bloodlines
26:41 Iron Casting
redsox368
0:26 Loom
10:23 Feudal Age
10:59 Double-Bit Axe
12:30 Wheelbarrow
13:07 Fletching
13:01 Horse Collar
15:47 Town Watch
21:04 Castle Age
19:13 Town Watch
19:38 Padded Archer Armor
19:44 Gold Mining
20:33 Town Watch
20:59 Town Watch
21:04 Town Watch
21:07 Crossbowman
21:44 Bodkin Arrow
22:30 Thumb Ring
23:04 Bow Saw
24:24 Ballistics
24:48 Heavy Plow
victorH
0:28 Loom
9:56 Feudal Age
10:17 Man-at-Arms
11:13 Double-Bit Axe
15:10 Fletching
16:27 Padded Archer Armor
22:04 Castle Age
22:06 Crossbowman
22:41 Bodkin Arrow
23:47 Ballistics
23:57 Leather Archer Armor
26:38 Thumb Ring
Connection lost

Rejoining the realm…

Still unreachable

The connection could not be restored.

Session expired

The server has moved on; the page needs a fresh start.